Map: Temple gelé

Players

pupu

  • Race: Protoss Protoss
  • League: Silver

Nargasse - Winner!

  • Race: Terran Terran
  • League: Silver

VOD

Have the link to the VOD?

Description

Time

  • Played on: April 4, 2016, 11:45 a.m.
  • Length: 8:52
Show
View Real Time Build Order
Export as new Build Order

pupu Protoss 

Build Orders: Nexus First 

Get SALT Encoding   

  12  0:01  Probe (Chrono Boost)  
  13  0:11  Probe (Chrono Boost)  
  14  0:20  Pylon  
  14  0:22  Probe (Chrono Boost)  
  15  0:38  Probe (Chrono Boost)  
  16  0:49  Probe (Chrono Boost)  
  17  1:00  Nexus  
  17  1:05  Probe (Chrono Boost)  
  18  1:12  Assimilator  
  18  1:15  Assimilator  
  18  1:16  Probe (Chrono Boost)  
  19  1:27  Probe (Chrono Boost)  
  20  1:37  Probe (Chrono Boost)  
  21  1:48  Probe (Chrono Boost)  
  22  1:56  Pylon  
  22  1:59  Probe (Chrono Boost)  
  23  2:12  Probe (Chrono Boost)  
  24  2:16  Gateway  
  24  2:19  Gateway  
  24  2:22  Probe (Chrono Boost), Pylon  
  25  2:27  Probe (Chrono Boost)  
  26  2:36  Gateway  
  26  2:42  Pylon  
  26  2:43  Pylon  
  26  2:44  Probe (Chrono Boost)  
  26  2:45  Probe (Chrono Boost)  
  28  2:55  Probe x2 (Chrono Boost)  
  30  3:05  Cybernetics Core  
  30  3:10  Probe x2 (Chrono Boost)  
  32  3:18  Pylon  
  32  3:21  Probe x2 (Chrono Boost)  
  32  3:23  Pylon  
  34  3:28  Gateway  
  34  3:31  Probe (Chrono Boost)  
  35  3:36  Probe (Chrono Boost)  
  36  3:42  Probe (Chrono Boost)  
  36  3:43  Warp Gate (Chrono Boost)  
  36  3:46  Adept x2  
  36  3:48  Adept  
  43  3:53  Probe x2 (Chrono Boost)  
  45  3:58  Assimilator  
  45  4:04  Pylon  
  45  4:12  Robotics Facility  
  45  4:16  Probe, Mothership Core, Gateway  
  47  4:20  Adept  
  50  4:25  Adept  
  50  4:27  Adept  
  50  4:29  Adept  
  56  4:34  Probe  
  56  4:38  Probe  
  58  4:50  Gateway  
  58  4:52  Gateway  
  58  4:55  Pylon  
  58  4:57  Assimilator  
  58  5:00  Pylon  
  58  5:22  Immortal  
  62  5:56  Probe  
  62  5:57  Probe  
  64  6:10  Probe  
  65  6:14  Immortal  
  65  6:34  Adept x4  
  65  6:35  Adept x3  
  79  6:49  Pylon  
  79  6:51  Pylon  
  79  6:55  Pylon  
  79  6:59  Immortal  
  83  7:02  Forge  
  83  7:03  Forge  
  83  7:06  Pylon  
  83  7:07  Adept x4  
  83  7:08  Adept x3  
  69  7:32  Adept x2  
  69  7:33  Adept x5  
  65  7:56  Stalker x2  
  65  7:57  Stalker x3  
  65  7:58  Stalker x2  
  57  8:23  Zealot x6  
  57  8:24  Zealot  
Show
View Real Time Build Order
Export as new Build Order

Nargasse Terran - Winner!

Build Orders:  

Get SALT Encoding   

  12  0:01  SCV  
  13  0:13  SCV  
  14  0:18  Supply Depot  
  14  0:25  SCV  
  15  0:40  SCV  
  16  0:43  Barracks  
  16  0:48  Refinery  
  16  0:52  SCV  
  17  1:04  SCV  
  18  1:16  SCV  
  19  1:31  Command Center  
  19  1:37  SCV  
  20  1:47  Supply Depot  
  20  1:51  Reaper  
  21  1:59  Orbital Command  
  21  2:16  Barracks  
  21  2:25  Marine  
  22  2:36  SCV  
  23  2:43  Marine  
  24  2:46  Orbital Command  
  24  2:50  Factory  
  24  2:54  Refinery, SCV  
  25  3:00  Marine  
  25  3:05  Barracks Reactor  
  26  3:09  Engineering Bay  
  26  3:10  SCV  
  27  3:35  Orbital Command  
  27  3:39  SCV  
  27  3:41  Factory Tech Lab  
  28  3:42  Barracks Tech Lab  
  28  3:46  Starport  
  28  3:47  Marine x2  
  30  4:08  SCV x2  
  32  4:10  Siege Tank  
  32  4:11  Marine x2  
  32  4:13  Marauder  
  39  4:29  Marine x2  
  39  4:31  Terran Infantry Weapons Level 1  
  41  4:34  Marauder  
  43  4:39  SCV x2  
  43  4:42  Refinery  
  43  4:44  Refinery  
  45  4:52  Marine  
  46  5:04  Supply Depot  
  46  5:07  Supply Depot  
  46  5:25  Marine x3  
  46  5:26  Siege Tank, SCV x2  
  46  5:28  Supply Depot, Medivac  
  56  5:29  Supply Depot  
  56  5:43  Marine  
  56  5:45  Liberator  
  56  5:46  Marine x2  
  56  5:49  Stimpack  
  59  5:58  Siege Tank  
  59  6:01  Marine  
  59  6:04  Marauder, Marine  
  66  6:10  Command Center  
  68  6:19  Marine  
  68  6:21  Marine  
  68  6:25  Terran Infantry Armor Level 1  
  69  6:26  Marauder  
  69  6:30  Siege Tank  
  74  6:37  Marine  
  74  6:39  Marine  
  76  6:45  Medivac  
  78  6:50  Starport  
  78  7:19  Siege Tank  
  78  7:20  Marine  
  78  7:22  Marauder, Marine  
  74  7:36  Starport Reactor  
  72  7:38  Marine  
  72  7:39  Marine  
  72  7:44  Marauder  
  71  7:51  Siege Tank  
  71  7:55  Marine  
  74  8:01  Marine  
  74  8:05  Marauder  
  71  8:13  Marine  
  77  8:26  Marauder  
Tags
 
Add a new tag
Caveats
  • Supply blocks, unpowered buildings, or Contaminate may cause inaccurate times.
  • Supply counts are checked every 10 seconds.